AoeStats
← Lastmantillidie

Nomad

509341482Analyzed
4v4 RM · 6d ago on Sep 26, 2026· 42m 23s· 8 players
Game mode
Random Map
Map size
231×231
Population
200
Speed
Normal
Resources
Standard
Victory
Conquest
Starting age
Dark Age
Ending age
Imperial Age
RankedLock teamsTeams togetherTeam positionsShared explorationLock speedFull tech treeHidden civsTurbo modeCheats
Victory
Defeat
🇫🇮 Danes · Finland
2065
+2
🇭🇰 Danes · Hong Kong SAR China
1800
+7
🇻🇳 Spanish · Vietnam
1694
+9
🇺🇸 Persians · United States
1542
+15
🇨🇳 Mapuche · China
1664
-12
🇨🇳 Vietnamese · China
1584
-8
🇨🇳 Mongols · China
1584
-8
🇪🇨 Armenians · Ecuador
1473
-5
Lastmantillidie
6:52 Loom
14:54 Feudal Age
15:26 Double-Bit Axe
18:41 Castle Age
17:20 Fishing Lines
19:24 Medium Warships
19:05 Gillnets
19:09 Gold Mining
19:52 Bow Saw
20:56 Town Watch
22:35 Wheelbarrow
22:04 Horse Collar
24:07 Stone Mining
24:29 Fletching
25:23 Bodkin Arrow
26:11 Hand Cart
29:39 Stone Shaft Mining
33:48 Imperial Age
31:55 Forging
31:51 Scale Barding Armor
32:40 Gold Shaft Mining
32:39 Ballistics
34:03 Chain Barding Armor
34:19 Iron Casting
34:30 Conscription
37:02 Two-Man Saw
35:32 Elite War Elephant
36:25 Bloodlines
36:16 Husbandry
37:10 Plate Barding Armor
37:36 Blast Furnace
37:45 Chemistry
38:32 Heavy Plow
39:45 Masonry
42:29 Crop Rotation
Đà Lạt
4:56 Loom
15:04 Feudal Age
18:51 Castle Age
20:47 Town Watch
22:39 Padded Archer Armor
28:01 Fletching
32:24 Leather Archer Armor
TheMax
13:57 Feudal Age
15:04 Double-Bit Axe
17:26 Castle Age
15:20 Fishing Lines
18:22 Bow Saw
18:17 Gillnets
18:42 Medium Warships
18:46 Forging
20:43 Iron Casting
20:51 Loom
21:14 Scale Mail Armor
23:42 Wheelbarrow
22:54 Town Watch
23:50 Squires
24:05 Arson
26:05 Chain Mail Armor
27:53 Fletching
33:30 Imperial Age
31:41 Stone Mining
31:42 Gold Mining
32:20 Caravan
32:45 Bodkin Arrow
32:26 Hamask
33:28 Hand Cart
34:59 Heavy Warships
35:38 Blast Furnace
35:39 Plate Mail Armor
35:35 Clinker Construction
36:27 Conscription
37:10 Elite Jomsviking
38:41 Carvel Hull
40:47 Ballistics
40:22 Northmen's Fury
43:08 Masonry
T
4:34 Loom
14:31 Feudal Age
16:00 Double-Bit Axe
16:31 Gold Mining
18:53 Castle Age
16:48 Fletching
17:24 Fishing Lines
19:31 Bodkin Arrow
19:47 Bow Saw
20:54 Gillnets
26:44 Wheelbarrow
25:54 Town Watch
27:32 Horse Collar
29:37 Thumb Ring
29:47 Padded Archer Armor
31:22 Bloodlines
31:13 Husbandry
31:59 Hand Cart
34:38 Imperial Age
32:25 Leather Archer Armor
32:15 Heavy Plow
33:02 Ballistics
34:09 Gold Shaft Mining
33:25 Stone Mining
34:17 Scale Mail Armor
34:27 Forging
34:53 Stone Shaft Mining
34:32 Squires
34:18 Arson
34:19 Gambesons
35:22 Bracer
36:24 Chemistry
35:24 Cranequins
37:21 Ring Archer Armor
37:41 Chain Mail Armor
38:07 Elite Varangian Guard
38:15 Heavy Mounted Crossbowman
39:34 Conscription
38:35 Hamask
40:01 Plate Mail Armor
40:06 Iron Casting
41:19 Elite Longship
42:21 Masonry
42:07 Murder Holes
Maty
4:57 Loom
7:30 Loom
14:22 Feudal Age
16:00 Town Watch
19:01 Castle Age
17:07 Double-Bit Axe
18:47 Stone Mining
19:02 Fishing Lines
19:56 Gold Mining
20:28 Bow Saw
25:15 Wheelbarrow
26:35 Ballistics
26:08 Fletching
27:17 Bodkin Arrow
27:34 Horse Collar
32:05 Padded Archer Armor
33:03 Heated Shot
42:28 Imperial Age
麦辣鸡翅
13:26 Feudal Age
12:38 Loom
14:08 Double-Bit Axe
14:28 Town Watch
23:38 Castle Age
23:22 Horse Collar
28:05 Wheelbarrow
29:40 Bow Saw
30:50 Hand Cart
36:48 Imperial Age
35:26 Padded Archer Armor
35:22 Fletching
36:25 Bodkin Arrow
36:30 Padded Archer Armor
37:08 Ballistics
37:37 Bracer
39:08 Chemistry
39:16 Leather Archer Armor
39:37 Elite Rattan Archer
香辣鸡翅
5:00 Loom
13:58 Feudal Age
14:55 Horse Collar
15:04 Double-Bit Axe
17:49 Castle Age
15:36 Fishing Lines
20:18 Fletching
21:25 Bodkin Arrow
21:31 Padded Archer Armor
28:31 Town Watch
28:58 Horse Collar
29:11 Gold Mining
30:12 Ballistics
30:39 Leather Archer Armor
31:34 Wheelbarrow
36:37 Imperial Age
33:42 Pikeman
34:34 Bow Saw
34:27 Heavy Plow
38:25 Chemistry
37:57 Ring Archer Armor
38:35 Conscription
38:17 Malon
39:07 Elite Bolas Rider
42:06 Crop Rotation
41:52 Hand Cart
奥尔良鸡翅
12:48 Feudal Age
16:44 Castle Age
14:51 Loom
15:28 Double-Bit Axe
17:54 Medium Warships
18:37 Horse Collar
19:40 Bow Saw
22:00 Fletching
26:30 Wheelbarrow
26:42 Bodkin Arrow
28:15 Ballistics
29:25 Gold Mining
30:06 Hand Cart
30:41 Bloodlines
31:54 Padded Archer Armor
32:57 Husbandry
39:38 Imperial Age
39:54 Stone Mining
40:40 Gold Shaft Mining
40:22 Leather Archer Armor
40:00 Town Watch
42:13 Chemistry
41:42 Bracer
Connection lost

Rejoining the realm…

Still unreachable

The connection could not be restored.

Session expired

The server has moved on; the page needs a fresh start.